 Dungeon Crawl Stone Soup version 0.18.1-51-gd549091e01 (webtiles) character file.

660 magog001 the Covered (level 7, 0/61 HPs)
             Began as a Minotaur Fighter on Feb 1, 2021.
             Slain by a basilisk (6 damage)
             ... on level 5 of the Dungeon.
             The game lasted 00:18:44 (4096 turns).

magog001 the Covered (Minotaur Fighter)             Turns: 4096, Time: 00:18:44

Health: 0/61       AC: 11    Str: 22    XL:     7   Next: 30%
Magic:  6/6        EV:  3    Int:  5    God:
Gold:   159        SH:  0    Dex: 10    Spells: 0 memorised, 6 levels left

rFire  + . .     SeeInvis .     a - +0 war axe
rCold  . . .     Gourm    .     G - +0 chain mail
rNeg   . . .     Faith    .     c - +0 shield
rPois  +         Spirit   .     (helmet restricted)
rElec  .         Dismiss  .     (no cloak)
rCorr  .         Reflect  .     K - +0 pair of gloves
SustAt .         Harm     .     (no boots)
MR     .....                    t - amulet of regeneration
Stlth  ..........               B - ring of poison resistance
                                z - ring of protection from fire

@: petrifying (expiring), very slightly contaminated, hasted, not resistant to
hostile enchantments, extremely unstealthy
A: retaliatory headbutt, horns 2
a: no special abilities


You were on level 5 of the Dungeon.
You were not hungry.

You visited 1 branch of the dungeon, and saw 5 of its levels.

You collected 159 gold pieces.

Inventory:

Hand Weapons
 a - a +0 war axe (weapon)
 w - a +0 hunting sling
Missiles
 o - 7 javelins (quivered)
 s - 20 sling bullets
 x - 30 poisoned needles
Armour
 c - a +0 shield (worn)
 G - a +0 chain mail (worn)
 K - a +0 pair of gloves (worn)
Jewellery
 b - an uncursed ring of wizardry {unknown}
 t - an amulet of regeneration (around neck)
 v - an uncursed ring of resist corrosion
 z - a ring of protection from fire (left hand)
 B - a ring of poison resistance (right hand)
Wands
 d - a wand of flame (22/48)
 n - a wand of digging (4/24)
 F - a wand of flame (17/48)
 J - a wand of iceblast (3/15)
 L - a wand of polymorph (9/24)
Scrolls
 g - 4 scrolls of identify
 k - 2 scrolls of recharging
 l - a scroll of amnesia {unknown}
 m - 4 scrolls of remove curse
 u - a scroll of magic mapping {unknown}
 y - a scroll of random uselessness {unknown}
 A - a scroll of teleportation {unknown}
 D - 4 scrolls of fog {unknown}
 E - a scroll of enchant armour {unknown}
Potions
 e - a potion of haste
 h - a potion of curing {unknown}
 i - a potion of degeneration {unknown}
 j - a potion of flight
 p - 2 potions of invisibility
 q - a potion of magic
 r - a potion of lignification {unknown}
 I - a potion of berserk rage {unknown}
Comestibles
 f - a bread ration
 C - 2 beef jerkies


   Skills:
 * Level 5.4 Fighting
 * Level 5.0 Axes
 * Level 6.7 Armour
 * Level 5.9 Shields
 + Level 0.3 Evocations


You had 6 spell levels left.
You didn't know any spells.

Dungeon Overview and Level Annotations

Branches:
Dungeon (5/15)
 Temple: D:4-7

Altars:
Gozag


Innate Abilities, Weirdness & Mutations

You reflexively headbutt those who attack you in melee.
You have a pair of horns on your head.


Message History

Your shield and chain mail prevent you from hitting the hound zombie.
The basilisk gazes at you.
You are slowing down.
The hound zombie barely misses you.
You hit the basilisk.
The basilisk is moderately wounded.
You hit the hound zombie.
The hound zombie bites you but does no damage.
The basilisk bites you.
* * * LOW HITPOINT WARNING * * *
The hound zombie bites you.
* * * LOW HITPOINT WARNING * * *
The basilisk bites you!
* * * LOW HITPOINT WARNING * * *
Your limbs are stiffening.
You slash the basilisk!
The basilisk is severely wounded.
You hit the hound zombie but do no damage.
The hound zombie bites you. The basilisk bites you!
You die...

......##...# #...#######
......#....#......#.........#
......#....#......#.........#
......'....#..(...#.........#
......#....#......#.........#
......#....#......#.........#
......#....#...)..#.........#
......######....l.#...###...#
##..............@.#...#######
#...............Z#.........#
#................#.........#
#................#.........#
#................#...##....#
..........###+###'### .
#..............#....# .
#..............#....# .
#......_.......#....#


You could see a basilisk and a hound zombie.

Vanquished Creatures
  Sigmund (D:2)
  An ogre (D:4)
  A phantom (D:4)
  2 orc priests (D:4)
  An orc wizard (D:4)
  Natasha (thrice) (D:2)
  Terence (D:3)
  An iguana (D:5)
  Robin (D:3)
  3 gnolls (D:3)
  3 adders
  A worm (D:3)
  2 orcs
  3 bats
  9 goblins
  7 hobgoblins
  10 jackals
  4 kobolds
  A quokka (D:3)
  3 ball pythons
  A giant newt (D:1)
  6 rats
65 creatures vanquished.

Notes
Turn   | Place    | Note
--------------------------------------------------------------
     0 | D:1      | magog001 the Minotaur Fighter began the quest for the Orb.
     0 | D:1      | Reached XP level 1. HP: 19/19 MP: 0/0
   239 | D:1      | Reached XP level 2. HP: 20/27 MP: 1/1
   595 | D:2      | Noticed Sigmund
   603 | D:2      | Killed Sigmund
   603 | D:2      | Reached skill level 5 in Armour
   603 | D:2      | Reached XP level 3. HP: 26/34 MP: 2/2
   603 | D:2      | Reached XP level 4. HP: 32/41 MP: 3/3
   603 | D:2      | Reached XP level 5. HP: 37/47 MP: 4/4
   750 | D:2      | Noticed Natasha
   761 | D:2      | Killed Natasha
  1118 | D:2      | Reached skill level 5 in Shields
  1491 | D:2      | Noticed Natasha
  1512 | D:2      | Killed Natasha
  1636 | D:2      | Noticed Natasha
  1646 | D:2      | Killed Natasha
  1756 | D:3      | Noticed Robin
  1761 | D:3      | Reached XP level 6. HP: 55/55 MP: 5/5
  1773 | D:3      | Killed Robin
  2012 | D:3      | You fall through a shaft for 2 floors!
  2012 | D:5      | Entered Level 5 of the Dungeon
  2101 | D:4      | Reached skill level 5 in Fighting
  2101 | D:4      | Reached skill level 6 in Armour
  2336 | D:3      | Noticed Terence
  2828 | D:3      | Killed Terence
  3604 | D:4      | Reached XP level 7. HP: 60/61 MP: 6/6
  3726 | D:4      | Reached skill level 5 in Axes
  4051 | D:5      | Found an opulent altar of Gozag.
  4075 | D:5      | Noticed a basilisk
  4075 | D:5      | an ogre changed into a basilisk
  4096 | D:5      | Slain by a basilisk

Skill      XL: |  1  2  3  4  5  6  7 |
---------------+----------------------+-----
Fighting       | 4 5 |  5.4
Axes           | 3 4 5 |  5.0
Armour         | 5 6 |  6.7
Shields        | 4 5 |  5.9
Evocations     | |  0.3

Action                   |  1- 3 |  4- 6 |  7- 9 || total
-------------------------+-------+-------+-------++-------
Melee: War axe           |    34 |   122 |    23 ||   179
       Headbutt          |     4 |    23 |     2 ||    29
Evoke: Wand              |       |     2 |     1 ||     3
  Use: Potion            |     1 |     4 |     1 ||     6
       Scroll            |       |     5 |       ||     5
  Eat: Meat ration       |       |     2 |       ||     2
       Chunk             |       |     1 |       ||     1
Armor: Scale mail        |    25 |    50 |       ||    75
       Chain mail        |       |     4 |    24 ||    28
Dodge: Dodged            |    17 |    33 |     9 ||    59
Block: Shield            |    17 |    79 |    11 ||   107
